 Dungeon Crawl Stone Soup version 0.23.1 (webtiles) character file.

Game seed: 4793715267080190821

1442 wilfster70 the Chopper (level 8, -3/62 HPs)
             Began as a Demonspawn Fighter on Mar 8, 2019.
             Was a Follower of Sif Muna.
             Killed by divine providence
             ... invoked by an orc priest
              (12 damage)
             ... on level 7 of the Dungeon.
             The game lasted 00:12:57 (5101 turns).

wilfster70 the Chopper (Demonspawn Fighter)         Turns: 5101, Time: 00:12:58

Health: -3/62      AC: 13    Str: 17      XL:     8   Next: 46%
Magic:  12/12      EV:  5    Int: 10      God:    Sif Muna [*.....]
Gold:   357        SH:  9    Dex: 13 (14) Spells: 10/13 levels left

rFire    . . .     SeeInvis .   a - +4 war axe
rCold    . . .     Gourm    .   c - +0 shield
rNeg     . . .     Faith    .   o - +0 chain mail
rPois    .         Spirit   .   (no helmet)
rElec    .         Reflect  .   v - scarf {cloud immunity}
rCorr    .         Harm     .   (no gloves)
MR       +....                  p - +0 pair of boots (curse)
Stlth    ..........             (no amulet)
HPRegen  0.20/turn              l - ring of protection from magic
MPRegen  0.13/turn              (no ring)

@: no status effects
A: talons 2, slimy green scales 2, demonic guardian 1
a: Divine Energy, Renounce Religion


You were on level 7 of the Dungeon.
You worshipped Sif Muna.
Sif Muna was aware of your devotion.
You were near starving.

You visited 1 branch of the dungeon, and saw 7 of its levels.

You collected 357 gold pieces.

Inventory:

Hand Weapons
 a - a +4 war axe (weapon)
Armour
 c - a +0 shield (worn)
 o - a +0 chain mail (worn)
 p - a cursed +0 pair of boots (worn)
 v - a scarf of cloud immunity (worn)
Magical Staves
 z - an uncursed staff of death
Jewellery
 l - a ring of protection from magic (left hand)
Wands
 j - a wand of iceblast (9)
 x - a wand of polymorph (8)
 y - a wand of flame (10)
Scrolls
 e - 5 scrolls of teleportation
 g - 2 scrolls of random uselessness {unknown}
 h - 7 scrolls of identify
 i - a scroll of remove curse
 r - a scroll of fog {unknown}
 t - 4 scrolls of magic mapping {unknown}
Potions
 b - a potion of invisibility {unknown}
 d - a potion of might
 k - a potion of curing {unknown}
 m - a potion of degeneration {unknown}
 n - a potion of flight {unknown}
 q - 2 potions of mutation
 s - a potion of haste {unknown}
 u - a potion of magic {unknown}
 w - a potion of brilliance {unknown}
 A - a potion of lignification {unknown}
 B - a potion of berserk rage {unknown}
 D - 2 potions of agility
Comestibles
 f - 9 rations


   Skills:
 + Level 5.2 Fighting
 * Level 5.9 Axes
 + Level 4.7 Armour
 + Level 4.8 Shields
 + Level 3.3 Spellcasting


You had 10 spell levels left.
You knew the following spells:

 Your Spells              Type           Power        Failure   Level  Hunger
a - Regeneration          Chrm/Necr      #.........   100%        3    ###....

Your spell library contained the following spells:

 Spells                   Type           Power        Failure   Level  Hunger
 Animate Skeleton         Necr           N/A          100%        1    #......
 Pain                     Necr           #...         100%        1    #......
 Vampiric Draining        Necr           #.........   100%        3    ###....
 Animate Dead             Necr           N/A          100%        4    #####..


Dungeon Overview and Level Annotations

Branches:
Dungeon (7/15)             Temple (0/1) D:4

Altars:
Cheibriados
Fedhas
Gozag
Sif Muna
Uskayaw
The Shining One


Innate Abilities, Weirdness & Mutations

You have razor-sharp toenails.
You are mostly covered in slimy green scales. (AC +3)
A weak demonic guardian rushes to your aid.


Message History

Your chain mail prevents you from hitting something.
You block something's attack.
You miss something.
The orc priest calls down the wrath of Beogh upon you.
Beogh smites you!
* * * LOW HITPOINT WARNING * * *
Something hits you but does no damage.
You hit something. Sif Muna accepts your kill.
Reactivating autopickup.
You feel a bit more experienced.
The orc priest hits you but does no damage.
You closely miss the orc priest. You block the orc priest's attack.
You hit the orc priest.
The orc priest is lightly wounded.
You block the orc priest's attack.
You closely miss the orc priest.
The orc priest calls down the wrath of Beogh upon you.
Beogh smites you!
You die...

####.########
.....oo@....#
####.######.#
#.# #.# #.#
#.# #.# #.#
#.#


You could see an orc priest and an orc.

Vanquished Creatures
  Grinder (D:3)
  An ogre (D:5)
  A bullfrog (D:6)
  A wyvern skeleton (D:7)
  A scorpion (D:5)
  4 wights (D:5)
  3 crimson imps
  A quasit (D:7)
  3 hounds
  A jelly (D:6)
  A bullfrog skeleton (D:5)
  2 gnoll shamans
  Ijyb (D:3)
  An iguana (D:4)
  An orc wizard (D:7)
  3 worker ants
  4 gnolls (D:4)
  7 adders
  3 oozes
  An adder skeleton (D:4)
  An adder zombie (D:5)
  2 worms (D:3)
  A dart slug (D:2)
  3 leopard geckos
  10 orcs
  3 bats
  A giant cockroach (D:4)
  9 goblins
  3 hobgoblins
  6 jackals
  2 quokkas
  5 frilled lizards
  8 kobolds
  2 quokka skeletons (D:4)
  5 rats
102 creatures vanquished.

Vanquished Creatures (collateral kills)
  2 ogres
  A bullfrog (D:7)
  A bullfrog zombie (D:6)
  A hound (D:7)
  Jessica (D:3)
  An orc wizard (D:5)
  A gnoll (D:4)
  A howler monkey skeleton (D:4)
  A worm (D:3)
  2 orcs (D:4)
  A goblin (D:3)
  A kobold (D:3)
  A quokka (D:3)
15 creatures vanquished.

Grand Total: 117 creatures vanquished

Notes
Turn   | Place    | Note
-------+----------+-------------------------------------------
     0 | D:1      | wilfster70 the Demonspawn Fighter began the quest for the
                  | Orb.
     0 | D:1      | Reached XP level 1. HP: 18/18 MP: 1/1
   207 | D:1      | Gained mutation: You are partially covered in slimy green
                  | scales. (AC +2) [demonic ancestry]
   207 | D:1      | Reached XP level 2. HP: 24/24 MP: 2/2
   693 | D:2      | Gained mutation: You have sharp toenails. [demonic
                  | ancestry]
   693 | D:2      | Reached XP level 3. HP: 24/29 MP: 3/3
  1046 | D:2      | Gained mutation: A weak demonic guardian rushes to your
                  | aid. [demonic ancestry]
  1046 | D:2      | Reached XP level 4. HP: 35/35 MP: 4/4
  1112 | D:2      | Found a deep blue altar of Sif Muna.
  1120 | D:2      | Became a worshipper of Sif Muna the Loreminder
  1575 | D:3      | Noticed Ijyb
  1582 | D:3      | Killed Ijyb
  1594 | D:3      | Found a glowing golden altar of the Shining One.
  1639 | D:3      | Noticed Jessica
  1653 | D:3      | Killed Jessica
  1653 | D:3      | Reached XP level 5. HP: 41/41 MP: 5/5
  1676 | D:3      | Noticed Grinder
  1692 | D:3      | Paralysed by Grinder for 5 turns
  1714 | D:3      | Killed Grinder
  1714 | D:3      | Reached skill level 1 in Spellcasting
  1714 | D:3      | Gained mutation: You are mostly covered in slimy green
                  | scales. (AC +3) [demonic ancestry]
  1714 | D:3      | Reached XP level 6. HP: 3/48 MP: 5/7
  2115 | D:4      | Found an opulent altar of Gozag.
  2116 | D:4      | Found a snail-covered altar of Cheibriados.
  2347 | D:4      | Found a staircase to the Ecumenical Temple.
  2847 | D:4      | Gained mutation: You have razor-sharp toenails. [demonic
                  | ancestry]
  2847 | D:4      | Reached XP level 7. HP: 54/54 MP: 9/9
  2925 | D:5      | Entered Level 5 of the Dungeon
  2977 | D:5      | Reached * piety under Sif Muna
  3411 | D:5      | Reached skill level 5 in Axes
  3419 | D:5      | Found a blossoming altar of Fedhas.
  3425 | D:5      | Found a hide-covered altar of Uskayaw.
  3908 | D:5      | Reached XP level 8. HP: 57/61 MP: 10/12
  4222 | D:6      | Reached skill level 5 in Fighting
  5002 | D:7      | Learned a level 3 spell: Regeneration
  5101 | D:7      | Killed from afar by an orc priest

Skill      XL: |  1  2  3  4  5  6  7  8 |
---------------+-------------------------+-----
Axes           | 2 3 4 5 |  5.9
Armour         | 3 4 |  4.7
Shields        | 3 4 |  4.8
Spellcasting   | 1 2 3 |  3.3
Fighting       | 4 5 |  5.2

Action                   |  1- 3 |  4- 6 |  7- 9 || total
-------------------------+-------+-------+-------++-------
Melee: War axe           |    94 |   129 |   171 ||   394
       Kick              |     7 |    30 |    47 ||    84
  Use: Scroll            |       |       |     9 ||     9
 Stab: Distracted        |       |     2 |     1 ||     3
  Eat: Chunk             |     1 |     5 |     3 ||     9
       Ration            |       |       |     1 ||     1
Armor: Scale mail        |    50 |    43 |       ||    93
       Chain mail        |       |    32 |    89 ||   121
Dodge: Dodged            |    22 |    40 |    36 ||    98
Block: Shield            |    66 |    74 |    96 ||   236
